 Dungeon Crawl Stone Soup version 0.27-a0-972-gd1521fd518 (webtiles) character file.

Game seed: 13348777015110645879

1211 kae the Insei (level 8, -1/79 HPs)
             Began as a Yellow Draconian Transmuter on Apr 13, 2021.
             Slain by a gnoll
             ... wielding a +0 spear
              (7 damage)
             ... on level 5 of the Dungeon.
             The game lasted 00:04:30 (6516 turns).

kae the Insei (Yellow Draconian Transmuter)         Turns: 6516, Time: 00:04:31

Health: -1/79      AC:  1    Str: 13    XL:     8   Next: 22%
Magic:  9/13       EV: 10    Int: 14    God:
Gold:   153        SH:  0    Dex: 13    Spells: 6/14 levels left

rFire    x . .     SeeInvis .     - Unarmed
rCold    + + +     Faith    .   (shield currently unavailable)
rNeg     . . .     Spirit   .   (armour unavailable)
rPois    +         Reflect  .   (helmet currently unavailable)
rElec    .         Harm     .   (cloak currently unavailable)
rCorr    .         Rampage  .   (gloves currently unavailable)
Will     .....                  (boots currently unavailable)
Stlth    +.........             (no amulet)
HPRegen  0.23/turn              b - ring of wizardry
MPRegen  0.13/turn              (no ring)

@: ice-form, corroded
A: freezing attack, amphibious, boosted hp, (spit acid), AC +6, large, unfitting
armour, (cold-blooded), (acid resistance)
a: End Transformation


You were on level 5 of the Dungeon.
You were a creature of crystalline ice.
You visited 1 branch of the dungeon, and saw 5 of its levels.

You collected 153 gold pieces.

Inventory:

Armour
 f - a +2 pair of gloves (melded)
 g - a +0 cloak (melded)
Jewellery
 b - a ring of wizardry (left front paw)
Wands
 d - a wand of flame (15)
Scrolls
 c - 2 scrolls of teleportation
 e - a scroll of enchant armour
Potions
 a - a potion of attraction {unknown}


   Skills:
 + Level 3.7 Fighting
 + Level 3.4 Dodging
 * Level 5.5 Unarmed Combat
 + Level 3.5 Spellcasting
 * Level 5.1 Transmutations
 * Level 3.1 Ice Magic
 - Level 2.0 Poison Magic


You had 6 spell levels left.
You knew the following spells:

 Your Spells              Type           Power      Damage    Failure   Level
a - Beastly Appendage     Tmut           34%        N/A       1%          1
b - Spider Form           Tmut/Pois      6%         N/A       6%          3
c - Ice Form              Ice/Tmut       14%        N/A       16%         4

Your spell library contained the following spells:

 Spells                   Type           Power      Damage    Failure   Level
 Sting                    Tmut/Pois      48%        1d5       1%          1
 Wereblood                Tmut           17%        N/A       1%          2
 Animate Skeleton         Necr           4%         N/A       9%          1
 Corona                   Hex            2%         N/A       9%          1
 Summon Small Mammal      Summ           8%         N/A       9%          1
 Hydra Form               Tmut           8%         N/A       26%         5


Dungeon Overview and Level Annotations

Branches:
Dungeon (5/15)
 Temple: D:4-7

Altars:
Fedhas

Shops:
D:1 :


Innate Abilities, Weirdness & Mutations

You are a creature of crystalline ice.
You have a powerful freezing melee attack.
You are amphibious.
Your maximum health is increased.
Your armour is entirely melded.
You are incapable of wielding weapons or throwing items.
((You can spit globs of acid.))
((Your golden yellow scales are hard. (AC +6)))
You cannot fit into any form of body armour.
((You are cold-blooded and may be slowed by cold attacks.))
((You are resistant to acid. (rCorr)))


Message History

You hit the jelly. You freeze the jelly.
Your front paws burn!
The jelly is moderately wounded.
The gnoll hits you from afar with a +0 spear.
The jelly completely misses you.
You hit the jelly but do no damage. The acid corrodes you!
Your front paws burn!
The jelly is moderately wounded.
The jelly completely misses you.
You hit the jelly. You freeze the jelly.
Your front paws burn!
The jelly is heavily wounded.
The jelly barely misses you.
You completely miss the jelly.
The jelly is heavily wounded.
The jelly hits you.
You are splashed with acid!
You hit the jelly. You freeze the jelly.
You kill the jelly!
The gnoll closely misses you.
You hit the gnoll shaman. You freeze the gnoll shaman.
The gnoll shaman is moderately wounded.
The gnoll hits you from afar with a +0 spear.
The gnoll shaman calls down the wrath of its god upon you.
You resist with some effort.
You completely miss the gnoll shaman.
The gnoll shaman is moderately wounded.
The gnoll hits you from afar with a +0 spear.
* * * LOW HITPOINT WARNING * * *
The gnoll misses you. The gnoll closely misses you.
The gnoll hits you from afar with a +0 spear.
* * * LOW HITPOINT WARNING * * *
The gnoll shaman hits you with a +0 club!
* * * LOW HITPOINT WARNING * * *
Things that are here:
a +0 club; a +0 vorpal flail; a gnoll corpse The gnoll hits you from afar with a +0 spear.
* * * LOW HITPOINT WARNING * * *
The gnoll shaman hits you with a +0 club.
* * * LOW HITPOINT WARNING * * *
The gnoll hits you from afar with a +0 spear!
You die...

..# ..#
..# # #.#
.#. #.#
.<.. #.#
.....
#.#.[....
##<..#
###Y..##
#.)g..#
#g###.#
#g ..# .g
#.# ...
.# ..>.
.. .....
.. ......


You could see a gnoll shaman and 2 gnolls.

Vanquished Creatures
  Pikel (D:4)
  Menkaure (D:4)
  2 ogres (D:4)
  A lemure (D:3)
  4 jellies
  A centaur skeleton (D:4)
  An iguana (D:5)
  3 orc wizards
  10 adders
  2 gnolls (D:5)
  2 dart slugs
  12 orcs
  4 ball pythons
  17 endoplasms
  3 giant cockroaches
  11 goblins
  2 hobgoblins
  3 jackals (D:1)
  20 kobolds
  2 quokkas
  6 bats
  A frilled lizard (D:1)
  6 rats
115 creatures vanquished.

Vanquished Creatures (others)
  14 fungi (D:4)
  6 plants (D:4)
  7 toadstools (D:4)
27 creatures vanquished.

Grand Total: 142 creatures vanquished

Notes
Turn   | Place    | Note
-------+----------+-------------------------------------------
     0 | D:1      | kae the Draconian Transmuter began the quest for the Orb.
     0 | D:1      | Reached XP level 1. HP: 16/16 MP: 3/3
   269 | D:1      | Reached XP level 2. HP: 23/23 MP: 5/5
   491 | D:1      | Found Qavyiz's Book Shoppe.
   987 | D:1      | Found a faded altar of an unknown god.
  1262 | D:1      | Reached XP level 3. HP: 27/28 MP: 4/6
  1266 | D:1      | Learned a level 3 spell: Spider Form
  1997 | D:2      | Reached XP level 4. HP: 36/36 MP: 5/7
  3005 | D:3      | Reached skill level 1 in Poison Magic
  3005 | D:3      | Reached XP level 5. HP: 41/41 MP: 6/8
  3306 | D:4      | Noticed Pikel
  3306 | D:4      | Noticed a lemure
  3306 | D:4      | Noticed a lemure
  3306 | D:4      | Noticed an ogre
  3307 | D:4      | Noticed a lemure
  3310 | D:4      | Noticed a lemure
  3322 | D:3      | Killed a lemure
  4172 | D:4      | Killed an ogre
  4173 | D:4      | Reached XP level 6. HP: 50/50 MP: 2/10
  4584 | D:4      | Learned a level 4 spell: Ice Form
  4719 | D:4      | Killed Pikel
  4720 | D:4      | Reached skill level 5 in Unarmed Combat
  4720 | D:4      | Your scales start taking on a golden yellow colour.
  4720 | D:4      | Reached XP level 7. HP: 6/57 MP: 8/11
  4720 | D:4      | Gained mutation: You are resistant to acid. (rCorr) [Yellow
                  | Draconian growth]
  5086 | D:4      | Identified Secret Knowledge 101
  5842 | D:4      | Reached XP level 8. HP: 17/63 MP: 10/13
  6139 | D:4      | Found a blossoming altar of Fedhas.
  6146 | D:4      | Noticed Menkaure
  6159 | D:4      | Killed Menkaure
  6160 | D:4      | Reached skill level 5 in Transmutations
  6484 | D:5      | Entered Level 5 of the Dungeon
  6516 | D:5      | Slain by a gnoll

Illustrated notes

Levels and vault maps discovered:
D:1:      dpeg_arrival_shrine, layout_basic, serial_shops, shop,
          hellmonk_ecumenical_altar_zigzags
D:2:      layout_rooms, eino_curves_04
D:3:      layout_basic
D:4:      cheibrodos_fertilizer, layout_gridville, fedhas_altar_3,
          eino_tiny_chamber, uniq_pikel, uniq_menkaure
D:5:      layout_rooms, tgw_trog, lemuel_temple_firewalk_b,
          minmay_a_box_with_orc_wizards_in_it

Skill      XL: |  1  2  3  4  5  6  7  8 |
---------------+-------------------------+-----
Dodging        | 2 3 |  3.4
Transmutations | 3 4 5 |  5.1
Fighting       | 2 3 |  3.7
Poison Magic   | 1 2 |  2.0
Unarmed Combat | 4 5 |  5.5
Spellcasting   | 3 |  3.5
Ice Magic      | 2 3 |  3.1

Action                   |  1- 3 |  4- 6 |  7- 9 || total
-------------------------+-------+-------+-------++-------
Melee: Unarmed           |    99 |   178 |   116 ||   393
       Kick              |    11 |     8 |       ||    19
       Tailslap          |     8 |    11 |     2 ||    21
       Punch             |     2 |     2 |     2 ||     6
       Headbutt          |    11 |     3 |       ||    14
 Cast: Beastly Appendage |    24 |    16 |       ||    40
       Spider Form       |       |    16 |    14 ||    30
       Ice Form          |       |       |     1 ||     1
 Abil: Breathe Acid      |       |       |     1 ||     1
  Use: Scroll            |     2 |     3 |       ||     5
       Potion            |     1 |     2 |       ||     3
Armor: Skin              |    45 |    37 |    10 ||    92
Dodge: Dodged            |    78 |   114 |    82 ||   274

Table legend: (Time is in decaauts)
 A = Elapsed time spent in this place.
 B = Non-inter-level travel time spent in this place.
 C = Inter-level travel time spent in this place.
 D = Time resting spent in this place.
 E = Time spent auto-exploring this place.
 F = Levels seen in this place.
 G = Mean time per level.
                   A        B        C        D        E       F      G
               +--------+--------+--------+--------+--------+-----+--------+
         Total |   6499 |   6267 |    232 |    696 |   4552 |   5 | 1299.8 |
       Dungeon |   6499 |   6267 |    232 |    696 |   4552 |   5 | 1299.8 |
               +--------+--------+--------+--------+--------+-----+--------+

Top non-repeatable levels by time:
     D:4: 2491 daAuts
     D:1: 1557 daAuts
     D:3: 1344 daAuts
     D:2: 1076 daAuts
     D:5: 29 daAuts
